 Dungeon Crawl Stone Soup version 0.29.1-2-gbd0b4ee654 (webtiles) character file.

Game seed: 15339314255199495182

49 xian the Shooter (level 3, -1/20 HPs)
             Began as a Tengu Arcane Marksman on Oct 27, 2022.
             Slain by a gnoll
             ... wielding a +0 spear
              (5 damage)
             ... on level 2 of the Dungeon.
             The game lasted 00:03:54 (1519 turns).

xian the Shooter (Tengu Arcane Marksman)            Turns: 1519, Time: 00:03:54

Health: -1/20      AC:  2    Str: 12    XL:     3   Next: 77%
Magic:  5/5        EV: 12    Int: 13    God:
Gold:   52         SH:  0    Dex: 14    Spells: 3/4 levels left

rFire   . . .      SeeInvis .   a - +1 sling
rCold   . . .      Faith    .   (no shield)
rNeg    . . .      Spirit   .   c - +0 robe
rPois   .          Reflect  .   (helmet restricted)
rElec   .          Harm     .   (no cloak)
rCorr   .          Rampage  .   (no gloves)
Will    .....                   (boots unavailable)
Stlth   +.........              (no amulet)
HPRegen 0.06/turn               (no ring)
MPRegen 0.09/turn               (no ring)

@: hasted, very quick
A: beak, talons 3
a: no special abilities


You were on level 2 of the Dungeon.
You visited 1 branch of the dungeon, and saw 2 of its levels.

You collected 52 gold pieces.

Inventory:

Hand Weapons
 a - a +1 sling (weapon)
 h - a +0 dagger
Missiles
 k - 6 poisoned darts
Armour
 c - a +0 robe (worn)
 g - a +0 chain mail
Scrolls
 b - 2 scrolls of poison
 d - a scroll of noise {unknown}
 j - a scroll of acquirement {unknown}
Potions
 f - 2 potions of curing


   Skills:
 + Level 1.1 Fighting
 + Level 3.5 Ranged Weapons
 + Level 2.2 Dodging
 + Level 0.4 Stealth
 + Level 1.0 Spellcasting
 + Level 2.6 Hexes


You had 3 spell levels left.
You knew the following spells:

 Your Spells              Type           Power      Damage    Failure   Level
a - Slow                  Hex            28%        N/A       10%         1

Your spell library contained the following spells:

 Spells                   Type           Power      Damage    Failure   Level
 Blink                    Tloc           0%         N/A       38%         2
 Inner Flame              Hex/Fire       4%         N/A       43%         3
 Portal Projectile        Hex/Tloc       8%         N/A       43%         3
 Conjure Flame            Conj/Fire      0%         6-21      63%         3
 Ignite Poison            Fire/Tmut/Pois 0%         N/A       63%         3
 Cause Fear               Hex            3%         N/A       67%         4
 Sticky Flame             Conj/Fire      0%         2d3       95%         4
 Manifold Assault         Tloc           0%         N/A       100%        5
 Storm Form               Tmut/Air       0%         N/A       100%        7


Dungeon Overview and Level Annotations

Branches:
Dungeon (2/15)

Altars:

Shops:
D:2 [

Annotations:
D:2 Shop armor


Innate Abilities, Weirdness & Mutations

You have a beak for a mouth.
You have claws for feet.


Message History

Press: ? - help, Q - select action, (/) - cycle Shift-Dir - straight line, f/p - gnoll
Aim: a gnoll, wielding a +0 whip (heavily wounded, 61% to hit)
You shoot a sling bullet. The sling bullet hits the gnoll.
The gnoll is almost dead.
Fire: a) +1 sling
Press: ? - help, Q - select action, (/) - cycle Shift-Dir - straight line, f/p - gnoll
Aim: a gnoll, wielding a +0 whip (almost dead, 61% to hit)
You shoot a sling bullet.
The sling bullet closely misses the gnoll.
The sling bullet hits the gnoll.
The gnoll is moderately wounded.
Fire: a) +1 sling
Press: ? - help, Q - select action, (/) - cycle Shift-Dir - straight line, f/p - gnoll
Aim: a gnoll, wielding a +0 whip (almost dead, 61% to hit)
You shoot a sling bullet. The sling bullet hits the gnoll.
The gnoll is almost dead.
Fire: a) +1 sling
Press: ? - help, Q - select action, (/) - cycle Shift-Dir - straight line, f/p - gnoll
Aim: a gnoll, wielding a +0 whip (almost dead, 61% to hit)
You shoot a sling bullet.
The sling bullet barely misses the gnoll.
The sling bullet hits the gnoll.
You kill the gnoll!
Fire: a) +1 sling
Press: ? - help, Q - select action, (/) - cycle Shift-Dir - straight line, f - gnoll
Aim: a gnoll, wielding a +0 spear (almost dead, 61% to hit)
You shoot a sling bullet.
The sling bullet closely misses the gnoll.
The sling bullet closely misses the gnoll.
Unknown command.
Fire: a) +1 sling
Press: ? - help, Q - select action, (/) - cycle Shift-Dir - straight line, f/p - gnoll
Aim: a gnoll, wielding a +0 spear (almost dead, 61% to hit)
You shoot a sling bullet.
The sling bullet hits the gnoll but does no damage.
The gnoll is almost dead.
The gnoll hits you from afar with a +0 spear.
* * * LOW HITPOINT WARNING * * *
The gnoll hits you from afar with a +0 spear.
You die...

#.## #..# #..## #..#
##..# #..#####.#
##.## #.g.....###
#..# ##.####...
##.####g####.#.#
####.....g.......
................#.###
##########.#.@.......
#.###.###### ######.#
#.# ########....(.#
#.# .........######
#.# .######### #.#
...# #.# ##.#### #.#
#....# #.#


You could see 3 gnolls.

Vanquished Creatures
  A gnoll (D:2)
  An adder (D:2)
  4 endoplasms (D:1)
  A giant cockroach (D:1)
  2 kobolds (D:1)
  4 quokkas
  4 ball pythons
  2 bats (D:1)
  2 frilled lizards (D:1)
  4 goblins
  5 rats (D:1)
30 creatures vanquished.

Vanquished Creatures (others)
  7 toadstools (D:1)
7 creatures vanquished.

Grand Total: 37 creatures vanquished

Notes
Turn   | Place    | Note
-------+----------+-------------------------------------------
     0 | D:1      | xian the Tengu Arcane Marksman began the quest for the Orb.
     0 | D:1      | Reached XP level 1. HP: 12/12 MP: 3/3
   202 | D:1      | Reached XP level 2. HP: 10/16 MP: 4/4
  1077 | D:1      | Reached XP level 3. HP: 20/20 MP: 5/5
  1079 | D:1      | Reached skill level 3 in Ranged Weapons
  1451 | D:2      | Found Myodgh's Antique Armour Boutique.
  1519 | D:2      | Slain by a gnoll

Illustrated notes

Levels and vault maps discovered:
D:1:      nagdon_arrival_double_spiral, layout_basic
D:2:      layout_loops_ring, serial_shops, nicolae_shop_hallway_plus,
          kennysheep_generic_room_8

Skill      XL: |  1  2  3 |
---------------+----------+-----
Ranged Weapons | 3 |  3.5
Fighting       | |  1.1
Dodging        | |  2.2
Stealth        | |  0.4
Spellcasting   | |  1.0
Hexes          | |  2.6

Action                   || total
-------------------------++-------
 Fire: Sling             ||   103
 Cast: Slow              ||     2
  Use: Potion            ||     4
Armor: Robe              ||     4
Dodge: Dodged            ||    28
